 Dungeon Crawl Stone Soup version 0.19.1 (webtiles) character file.

1813054 Angani the Invulnerable (level 27, 157/182 HPs)
             Began as a Gargoyle Wanderer on Dec 21, 2016.
             Was the Champion of Qazlal.
             Escaped with the Orb
             ... and 3 runes!
             The game lasted 03:13:01 (60799 turns).

Angani the Invulnerable (Gargoyle Wanderer)        Turns: 60799, Time: 03:13:01

Health: 157/182    AC: 70    Str: 20      XL:     27
Magic:  34/34      EV:  7    Int: 13 (14) God:    Qazlal [******]
Gold:   4035       SH:  8    Dex:  9      Spells: 1 memorised, 27 levels left

rFire  + + +     SeeInvis +     K - +9 battleaxe (vamp)
rCold  + . .     Gourm    .     b - +4 gold dragon scales
rNeg   + . .     Faith    +     (shield currently unavailable)
rPois  ∞         Spirit   .     P - +0 hat "Xocloeci" {MR++ Int-3 Dex-5 SInv Stlth+}
rElec  +         Reflect  .     i - +2 cloak
rCorr  .         Harm     .     X - +2 pair of gloves
MR     +++++                    R - +3 pair of boots of Sunlight {rF+}
Stlth  ..........               v - amulet of faith
                                j - ring "Ketutz" {+Fly rElec rPois rF+}
                                D - ring of protection from magic

@: protected from physical damage, repel missiles
A: big wings, talons 1, icy blue scales 1, agile 1, blurry vision 1, low mp 1,
mutation resistance 1, negative energy resistance 1, electricity resistance,
weak 1, unbreathing, petrification resistance, rot immunity, AC +20
a: Fly, Upheaval, Elemental Force, Disaster Area, Renounce Religion, Evoke
Flight
0: Orb of Zot
}: 3/15 runes: decaying, serpentine, silver


You escaped.
You worshipped Qazlal.
Qazlal was exalted by your worship.
You were not hungry.

You visited 10 branches of the dungeon, and saw 49 of its levels.
You visited 1 bazaar.
You also visited: Sewer, Ice Cave and Wizlab.

You collected 7252 gold pieces.
You spent 3217 gold pieces at shops.

Inventory:

Hand Weapons
 K - a +9 vampiric battleaxe (weapon)
 V - a +9 executioner's axe of freezing
Armour
 b - +4 gold dragon scales (worn)
 i - a +2 cloak (worn)
 P - the +0 hat "Xocloeci" (worn) {MR++ Int-3 Dex-5 SInv Stlth+}
   (You found it in an ice cave)

   It affects your intelligence (-3).
   It affects your dexterity (-5).
   It affects your resistance to hostile enchantments.
   It lets you see invisible.
   It makes you more stealthy.
 R - the +3 pair of boots of Sunlight (worn) {rF+}
   (You bought it in a shop in a bazaar)

   It protects you from fire.
 X - a +2 pair of gloves (worn)
Jewellery
 g - the ring of the Prince {rF- rC+ MP+9 Int+2 Slay+5, unknown}
   (You found it on level 5 of the Vaults)

   [ring of magical power]

   It affects your intelligence (+2).
   It affects your accuracy and damage with ranged weapons and melee attacks
   (+5).
   It makes you vulnerable to fire.
   It protects you from cold.
   It affects your magic capacity (+9).
 j - the ring "Ketutz" (right hand) {+Fly rElec rPois rF+}
   (You found it on level 1 of the Elven Halls)

   [ring of poison resistance]

   It protects you from fire.
   It insulates you from electricity.
   It protects you from poison.
   It lets you fly.
 v - an amulet of faith (around neck)
 D - a ring of protection from magic (left hand)
 F - the ring "Dacza" {+Blink rF+ Str+2}
   (You took it off a tengu reaver on level 5 of the Vaults)

   [ring of strength]

   It affects your strength (+2).
   It protects you from fire.
   It lets you blink.
Wands
 t - a wand of digging (18/24)
 w - a wand of heal wounds (4/9)
 J - a wand of teleportation (3/9)
 L - a wand of teleportation (7/9)
Scrolls
 a - 7 scrolls of immolation
 h - a scroll of silence
 l - 18 scrolls of teleportation
 q - 2 scrolls of recharging
 y - 9 scrolls of amnesia
 A - 26 scrolls of remove curse
 G - 4 scrolls of blinking
 N - 3 scrolls of magic mapping
 O - a scroll of fog
 Q - 3 scrolls of fear
 Z - 5 scrolls of holy word
Potions
 c - 2 potions of might
 e - 3 potions of agility
 k - 19 potions of curing
 m - 3 potions of brilliance
 n - 9 potions of lignification
 o - 12 potions of flight
 u - 4 potions of resistance
 z - 5 potions of cure mutation
 C - 2 potions of berserk rage
 E - 2 potions of invisibility
 M - 5 potions of magic
 U - 5 potions of cancellation
 W - 2 potions of ambrosia
Miscellaneous
 d - a box of beasts
 x - a disc of storms
 H - a lamp of fire
 T - a sack of spiders
 Y - a phial of floods
Comestibles
 f - 4 bread rations
 s - 30 meat rations
 I - 28 royal jellies


   Skills:
 - Level 21.0 Fighting
 - Level 20.9(21.1) Axes
   Level 6.3(16.3) Maces & Flails
 O Level 27 Armour
 - Level 2.1 Stealth
   Level 15.0 Shields
 - Level 1.0 Spellcasting
 - Level 1.1 Conjurations
   Level 2.6 Charms
 + Level 22.3 Invocations
 - Level 13.8 Evocations


You had 27 spell levels left.
You knew the following spells:

 Your Spells              Type           Power        Failure   Level  Hunger
a - Sting                 Conj/Pois      #...         100%        1    ##.....


Dungeon Overview and Level Annotations

Branches:
Dungeon (15/15)            Temple (1/1) D:5            Lair (6/6) D:9
  Swamp (4/4) Lair:2        Snake (4/4) Lair:2        Slime (0/5) Lair:6
    Orc (2/2) D:9             Elf (2/3) Orc:2        Vaults (5/5) D:14
  Crypt (0/3) Vaults:2     Depths (5/5) D:15            Zot (5/5) Depths:5

Altars:
Cheibriados
Dithmenos
Fedhas
Gozag
Hepliaklqana
Kikubaaqudgha
Makhleb
Nemelex Xobeh
Qazlal
Ru
Trog
Uskayaw
Vehumet
Xom
Yredelemnul
Beogh

Shops:
D:4 %   D:10 %   D:11 }[(([   Orc:1 }   Orc:2 [*=*   Elf:1 !   Snake:2 ((
Vaults:2 [   Vaults:3 (   Depths:2 %

Portals:
Hell: Depths:1 Depths:2 Depths:3 Depths:5
Pandemonium: Depths:3
Ziggurat: Depths:2

Annotations:
Depths:4 1 runed door


Innate Abilities, Weirdness & Mutations

You are resistant to torment.
Your stone body is resilient. (AC +20)
You are immune to poison.
Your large and strong wings let you fly indefinitely.
You resist negative energy. (rN+)
You are resistant to electric shocks. (rElec)
You can survive without breathing.
You are immune to petrification.
You are immune to rotting.
You have sharp toenails.
You are partially covered in icy blue scales. (AC +2)
You are agile. (Dex +2)
Scrolls take you a little longer to read.
Your magical capacity is low. (-10% MP)
You are somewhat resistant to further mutation.
You are weak. (Str -2)


Message History

Ekhlobio is severely wounded.
You closely miss the sun demon. Ekhlobio hits you!
Your resistance to electricity fades away.
You feel protected from physical attacks.
Unknown command.
You completely miss Ekhlobio.
Ekhlobio is severely wounded.
You hit the sun demon but do no damage.
Your surroundings suddenly seem different.
Unknown command.
There is an open door here.
Evoke which item? (* to show all) (? for menu, Esc to quit)
Zapping:
t - a wand of digging (19/24)
Press: ? - help, Shift-Dir - straight line The rock shatters into small pieces.
This wand has 18 charges left.
Your protection from physical attacks is fading.
You hear a roar!
There is a staircase leading out of the dungeon here.
Magic restored.
You have escaped!

###........# #.#..###.....##.##
........#.## #.#...###....##.##
###.##.#.## #.#....##...###.#
##+###.## #.##..(###..###.#
##...#### ##..#....##...##.#
#.....## ###.§###...###..##.#
.......## ##.#.§.##[...##..##.##
........####....§..##..####......
........+.....§.@..##....###.....
........####...§##.##.##.......##
.......## ##.#.##....##......###
#.....## ###.#####.#.#.....# #
##...## #.# #.##......### ###+###
#.# #............ #..(..# #.#
#######.##### #.#.#.# #.# #.#
#.#.#.#########.# #.#


There were no monsters in sight!

Vanquished Creatures
  The ghost of loom the Archmage, a legendary DECj of Vehumet (Zot:4)
  6 orbs of fire
  2 juggernauts
  4 ancient liches
  Bai Suzhen (Swamp:4)
  Saint Roka (Vaults:2)
  Boris (Vaults:3)
  2 Killer Klowns
  2 curse toes
  6 caustic shrikes
  9 golden dragons
  A bone dragon (Swamp:4)
  Nikola (Snake:1)
  4 electric golems
  15 tentacled monstrosities
  3 liches
  Jorgrun (Vaults:2)
  Rupert (D:13)
  27 Orb Guardians
  The ghost of acidapple the Phalangite, an adept MfGl of Okawaru (Elf:1)
  A moon troll (WizLab)
  A titan (Vaults:4)
  3 quicksilver dragons
  5 death cobs (Zot:5)
  6 tentacled starspawn (WizLab)
  7 sphinxes
  Kirke (Swamp:1)
  10 shadow dragons
  17 tengu reavers
  15 nagarajas
  Donald (Snake:1)
  14 storm dragons
  12 frost giants
  4 draconian monks (Depths:5)
  10 fire giants
  14 vault wardens
  A deep elf sorcerer (Vaults:5)
  A draconian scorcher (Zot:1)
  A ghost moth (Zot:4)
  8 iron dragons
  A draconian knight (Depths:5)
  A draconian shifter (Zot:1)
  An orc warlord (Orc:2)
  A ghoul (Vaults:2)
  2 draconian zealots (Zot:1)
  Aizul (Snake:1)
  A caustic shrike zombie (Depths:3)
  3 deep elf elementalists
  10 ironheart preservers
  A cacodemon (WizLab)
  2 small abominations
  6 draconian annihilators
  10 war gargoyles
  34 stone giants
  21 very ugly things
  4 large abominations
  2 entropy weavers
  11 green draconians
  An entropy weaver (shapeshifter) (Vaults:1)
  A deep elf demonologist (Vaults:5)
  6 white draconians
  A lorocyproca (Zot:4)
  8 black draconians
  A deep elf annihilator (Vaults:4)
  Azrael (Snake:1)
  8 red draconians
  A mottled draconian (Zot:1)
  3 yellow draconians
  3 purple draconians
  2 spark wasps (Depths:2)
  15 ettins
  A green death (Depths:3)
  Snorg (Lair:3)
  A merfolk javelineer (Depths:1)
  The ghost of monokles the Black Sun, a journeyman DsNe of Kikubaaqudgha (Lair:6)
  2 merfolk impalers (Depths:4)
  13 fire dragons
  16 yaktaur captains
  Josephine (Snake:1)
  6 rakshasas
  12 great orbs of eyes
  4 deep elf high priests
  A jiangshi (Vaults:2)
  A deep elf death mage (Vaults:5)
  11 ice dragons
  14 hydras
  The ghost of Morrissey the Carver, a journeyman DsBe of Trog (D:10)
  A monstrous demonspawn (Depths:3)
  Harold (Lair:1)
  33 vault guards
  3 spriggan air magi
  22 naga warriors
  10 centaur warriors
  A catoblepas (Lair:6)
  10 ogre magi
  A death knight (Vaults:2)
  4 ghost crabs
  21 dancing weapons
  11 anacondas
  2 vampire magi
  4 death yaks (Lair:6)
  Urug (D:14)
  6 alligators
  9 deep troll earth magi
  5 tengu warriors
  10 deep troll shamans
  3 spriggan berserkers
  8 shock serpents
  3 orc high priests (Orc:2)
  14 deep elf knights
  19 naga sharpshooters
  6 hell hogs
  Sonja (Orc:2)
  4 hell knights
  8 spriggans
  A wretched star (WizLab)
  A sun demon (Depths:1)
  Nergalle (Lair:1)
  A titan skeleton (Depths:3)
  A shadow wraith (Vaults:3)
  7 iron trolls
  An orange crystal statue (WizLab)
  A sixfirhy (D:1)
  2 skeletal warriors
  An unseen horror (shapeshifter) (Vaults:1)
  9 flayed ghosts
  A spriggan druid (Swamp:4)
  29 deep trolls
  An unseen horror (Vaults:1)
  4 salamander mystics
  4 wizards
  A death drake (Depths:5)
  9 glowing orange brains
  9 naga ritualists
  8 harpies
  2 spectral hydras (Swamp:4)
  12 deep elf archers
  A phantasmal warrior (Vaults:5)
  The ghost of Sam the Basher, a novice MiBe of Trog (D:6)
  3 shambling mangroves (Swamp:2)
  5 hill giants
  A harpy (shapeshifter) (Vaults:4)
  4 swamp dragons
  A mana viper (shapeshifter) (Vaults:3)
  13 ironbrand convokers
  22 orc knights
  10 mana vipers
  5 lindwurms
  57 ugly things
  6 orc sorcerers
  6 necromancers
  15 salamanders
  3 wolf spiders
  46 deep elf magi
  A cyclops (shapeshifter) (Depths:4)
  5 cyclopes
  Maurice (D:9)
  16 moths of wrath
  A manticore (D:14)
  13 elephants (Lair:6)
  A guardian serpent (shapeshifter) (Vaults:1)
  5 guardian serpents (Snake:4)
  A titan simulacrum (Depths:3)
  23 naga magi
  16 vault sentinels
  A rust devil (Depths:3)
  2 ice statues (IceCv)
  A smoke demon (Depths:1)
  6 eyes of devastation (WizLab)
  Psyche (D:11)
  25 black mambas
  An orange demon (Depths:1)
  An efreet (D:14)
  5 komodo dragons
  5 swamp worm zombies (Swamp:4)
  2 rime drakes
  17 spiny frogs
  A yaktaur (shapeshifter) (Elf:2)
  32 yaktaurs
  11 ice devils
  A komodo dragon (shapeshifter) (D:15)
  2 tengu conjurers
  A hellwing (Depths:1)
  5 hydra zombies (Swamp:4)
  5 freezing wraiths
  3 red devils
  8 trolls
  A queen bee (shapeshifter) (D:15)
  3 polar bears
  4 tyrant leeches
  Grinder (D:6)
  A tyrant leech (shapeshifter) (D:15)
  2 queen bees
  33 slime creatures
  20 hornets
  3 raiju (shapeshifter)
  10 two-headed ogres
  3 spectral swamp dragons (Swamp:4)
  11 blink frogs
  8 bog bodies
  Prince Ribbit (D:6)
  4 dream sheep (Lair:3)
  A hippogriff (shapeshifter) (Vaults:4)
  12 hippogriffs
  A meliai zombie (D:15)
  2 alligator zombies (Swamp:4)
  9 air elementals
  16 water elementals
  3 redbacks (Vaults:3)
  3 shadows
  8 wraiths
  A ynoxinul (Depths:3)
  3 hogs (Swamp:1)
  A tarantella (Vaults:3)
  3 wyverns
  2 basilisks
  61 yaks
  Grum (D:11)
  6 fire elementals
  A human (Swamp:1)
  Eustachio (D:5)
  A basilisk (shapeshifter) (Vaults:3)
  A wyvern (shapeshifter) (Depths:2)
  A chaos spawn (D:1)
  A mottled dragon (D:14)
  8 wargs
  3 neqoxecs
  14 vampire mosquitoes
  Menkaure (D:6)
  21 swamp worms
  34 insubstantial wisps
  86 nagas
  A mottled dragon (shapeshifter) (Depths:2)
  A soldier ant (shapeshifter) (Vaults:3)
  A soldier ant (D:14)
  10 water moccasins
  5 hell hounds
  56 orc warriors
  11 porcupines
  A black bear (shapeshifter) (Vaults:5)
  A floating eye (Depths:2)
  17 swamp drakes
  3 black bears
  2 swamp dragon zombies (Swamp:4)
  8 phantoms
  5 sky beasts
  2 necrophages
  4 starcursed masses (WizLab)
  10 ice beasts
  40 ogres
  A tengu (shapeshifter) (Vaults:2)
  13 boggarts
  15 centaurs
  20 wolves
  10 crocodiles
  Blork the orc (D:6)
  2 big kobolds (D:14)
  14 bullfrogs
  2 earth elementals (Elf:1)
  A wyvern skeleton (D:14)
  A water moccasin skeleton (D:8)
  5 scorpions
  An orc simulacrum (Vaults:1)
  49 killer bees
  9 wights
  A vampire bat (Lair:5)
  7 electric eels
  5 howler monkeys
  8 crimson imps
  3 centaur zombies
  5 jellies
  3 hounds
  22 orc priests
  4 bullfrog skeletons
  5 centaur skeletons
  8 iguanas
  A hell rat (D:9)
  32 orc wizards
  14 worker ants
  A hound skeleton (D:9)
  8 gnolls
  3 swamp drake zombies (Swamp:4)
  16 adders
  2 shadow imps
  9 white imps (IceCv)
  4 ufetubi (IceCv)
  10 oozes
  5 adder skeletons
  7 worms
  A dart slug (D:1)
  5 leopard geckos
  116 orcs
  3 ball pythons
  6 giant cockroaches
  4 goblins
  3 hobgoblins (D:2)
  14 jackals
  4 quokkas
  18 bats
  11 frilled lizards
  A jackal skeleton (D:4)
  A jackal zombie (D:5)
  14 kobolds
  12 rats
  3 bushes (Depths:3)
  A crawling corpse (Vaults:5)
  3 demonic plants (WizLab)
  28 fungi
  33 plants
  7 starspawn tentacles (WizLab)
2419 creatures vanquished.

Vanquished Creatures (others)
  Xtahua (Vaults:5)
  A fire giant (Depths:1)
  An ironheart preserver (Vaults:5)
  A reaper (IceCv)
  A purple draconian (Depths:5)
  An ice dragon (Depths:3)
  A deep elf archer (Elf:2)
  2 lindwurms (Depths:5)
  2 deep elf magi (Elf:2)
  A salamander (Depths:1)
  An elephant (shapeshifter) (Vaults:5)
  A moth of wrath (Zot:5)
  A black mamba (Snake:1)
  A yaktaur (Vaults:5)
  A hornet (Swamp:2)
  A tyrant leech (Swamp:4)
  3 insubstantial wisps (Swamp:4)
  2 boggarts
  2 ogres
  A crocodile (D:12)
  A killer bee (Depths:4)
  A quasit (Zot:5)
  5 white imps (IceCv)
  2 ufetubi (IceCv)
  An orc (D:12)
  2 bushes
  6 demonic plants (WizLab)
  10 fungi
  20 plants
  9 starspawn tentacles (WizLab)
83 creatures vanquished.

Grand Total: 2502 creatures vanquished

Notes
Turn   | Place    | Note
-------+----------+-------------------------------------------
     0 | D:1      | Angani the Gargoyle Wanderer began the quest for the Orb.
     0 | D:1      | Angani set off with: a +2 dagger, a potion of heal wounds, Katerghuy's Reference Book on Poison, a +0 hand axe, a +0 robe, a bread ration
     0 | D:1      | Reached XP level 1. HP: 10/10 MP: 2/2
     0 | D:1      | Identified Katerghuy's Reference Book on Poison
     2 | D:1      | Learned a level 1 spell: Sting
   533 | D:1      | Reached skill level 1 in Fighting
   985 | D:1      | Reached XP level 2. HP: 14/17 MP: 3/3
  1478 | D:2      | Reached XP level 3. HP: 18/22 MP: 2/4
  2332 | D:2      | Reached XP level 4. HP: 25/29 MP: 3/5
  2848 | D:3      | Found a glowing drain.
  2899 | D:3      | Gained mutation: You have sharp toenails. [potion of beneficial mutation]
  2918 | D:3      | Reached XP level 5. HP: 11/34 MP: 6/6
  3124 | D:3      | Reached skill level 5 in Fighting
  3211 | Sewer    | Entered a sewer
  3741 | Sewer    | Reached skill level 1 in Maces & Flails
  4398 | D:3      | Reached XP level 6. HP: 36/40 MP: 7/7
  5479 | D:4      | Reached XP level 7. HP: 42/44 MP: 8/8
  5547 | D:4      | Found Acuulud's Food Boutique.
  5584 | D:4      | Reached skill level 5 in Maces & Flails
  6245 | D:5      | Entered Level 5 of the Dungeon
  6280 | D:5      | Found a staircase to the Ecumenical Temple.
  6289 | Temple   | Entered the Ecumenical Temple
  6301 | Temple   | Became a worshipper of Qazlal Stormbringer
  6432 | D:5      | Found a blossoming altar of Fedhas.
  6524 | D:5      | Reached skill level 3 in Armour
  6549 | D:5      | You fall through a shaft for 2 floors!
  6720 | D:7      | Reached skill level 4 in Armour
  6720 | D:7      | Reached XP level 8. HP: 46/49 MP: 9/9
  7202 | D:5      | Reached skill level 5 in Armour
  7391 | D:5      | Noticed Eustachio
  7457 | D:5      | Killed Eustachio
  7457 | D:5      | Reached skill level 6 in Armour
  7682 | D:5      | Reached skill level 7 in Armour
  7959 | D:6      | Noticed Prince Ribbit
  7982 | D:6      | Killed Prince Ribbit
  7982 | D:6      | Reached skill level 8 in Armour
  8000 | D:6      | Noticed Sam's ghost (novice MiBe)
  8159 | D:6      | Noticed Blork the orc
  8175 | D:6      | Killed Blork the orc
  8273 | D:6      | You fall through a shaft for 2 floors!
  8295 | D:8      | Got a warped hand axe
  8328 | D:8      | Noticed a wyvern
  8372 | D:8      | Reached * piety under Qazlal
  8389 | D:8      | Reached XP level 9. HP: 54/54 MP: 10/10
  8428 | D:8      | Reached skill level 9 in Armour
  8624 | D:7      | Reached skill level 10 in Armour
  8794 | D:7      | Identified the +11 hand axe of Hospitality {vamp, Dex+2} (You found it on level 8 of the Dungeon)
  8865 | D:6      | Noticed Grinder
  8869 | D:6      | Paralysed by Grinder for 2 turns
  8872 | D:6      | Paralysed by Grinder for 4 turns
  8876 | D:6      | Killed Grinder
  8934 | D:6      | Noticed a troll
  8943 | D:6      | Killed a troll
  8947 | D:6      | Noticed Menkaure
  8955 | D:6      | Killed Menkaure
  9162 | D:6      | Reached skill level 5 in Axes
  9316 | D:6      | Killed Sam's ghost
  9316 | D:6      | Reached XP level 10. HP: 51/59 MP: 11/11
  9644 | D:7      | Reached ** piety under Qazlal
 10380 | D:9      | Noticed Maurice
 10400 | D:9      | Killed Maurice
 10455 | D:9      | Noticed a death yak
 10829 | D:9      | Found a staircase to the Orcish Mines.
 11097 | D:9      | Found a staircase to the Lair.
 11134 | D:9      | Reached *** piety under Qazlal
 11177 | D:9      | Got a slimy dagger
 11188 | Lair:1   | Entered Level 1 of the Lair of Beasts
 11238 | Lair:1   | Noticed a four-headed hydra
 11257 | Lair:1   | Noticed Nergalle
 11482 | D:9      | Killed a nine-headed hydra
 11482 | D:9      | Reached skill level 10 in Axes
 11482 | D:9      | Reached XP level 11. HP: 35/63 MP: 12/12
 11641 | Lair:1   | Killed Nergalle
 11656 | Lair:1   | Noticed Harold
 11685 | Lair:1   | Killed Harold
 11813 | Lair:1   | Identified the +9 dagger "Lifebane" {elec, *Corrode rPois MR+ Str+7} (You found it on level 9 of the Dungeon)
 12266 | Lair:1   | Reached skill level 10 in Fighting
 12419 | Lair:1   | Reached skill level 1 in Invocations
 12737 | Lair:2   | Reached **** piety under Qazlal
 12742 | Lair:2   | Reached XP level 12. HP: 77/77 MP: 15/15
 12769 | Lair:2   | Reached skill level 5 in Invocations
 12875 | Lair:2   | Noticed a seven-headed hydra
 12879 | Lair:2   | Killed a seven-headed hydra
 13030 | Lair:2   | Found a staircase to the Snake Pit.
 13048 | Lair:2   | Found a staircase to the Swamp.
 13272 | Lair:2   | Reached skill level 1 in Evocations
 13858 | Lair:3   | Reached skill level 5 in Evocations
 13933 | Lair:3   | Noticed Snorg
 13935 | Lair:3   | Reached ***** piety under Qazlal
 13945 | Lair:3   | Killed Snorg
 14828 | Lair:4   | Reached skill level 1 in Shields
 14828 | Lair:4   | Reached XP level 13. HP: 82/82 MP: 19/19
 15324 | Lair:5   | Got an encrusted leather armour
 15342 | Lair:5   | Found a frozen archway.
 15361 | Lair:5   | Reached skill level 5 in Shields
 15395 | IceCv    | Entered an ice cave
 15645 | IceCv    | Got a spiked hat
 15651 | IceCv    | Identified the +0 hat "Xocloeci" {MR++ Int-3 Dex-5 SInv Stlth+} (You found it in an ice cave)
 15671 | IceCv    | Identified a +0 pair of boots of running (You found it in an ice cave)
 15712 | IceCv    | Reached skill level 11 in Armour
 15903 | IceCv    | Noticed a reaper
 16011 | IceCv    | Killed a reaper
 16226 | IceCv    | Got a flickering wooden ring
 16301 | IceCv    | Identified the ring "Reall" {rPois rF- Int+4 Slay+6 Stlth+} (You found it in an ice cave)
 16314 | IceCv    | Identified the +2 leather armour of the Poles {MR+ Regen+ Str+4 Dex-2} (You found it on level 5 of the Lair of Beasts)
 16950 | Lair:6   | Entered Level 6 of the Lair of Beasts
 16977 | Lair:6   | Reached skill level 12 in Armour
 17010 | Lair:6   | Found a hide-covered altar of Uskayaw.
 17571 | Lair:6   | Noticed monokles's ghost (journeyman DsNe)
 17609 | Lair:6   | Reached skill level 13 in Armour
 17622 | Lair:6   | Killed monokles's ghost
 17818 | Lair:6   | Gained mutation: Your large and strong wings let you fly indefinitely. [Gargoyle growth]
 17818 | Lair:6   | Reached XP level 14. HP: 78/88 MP: 20/20
 17993 | Lair:6   | Reached skill level 10 in Invocations
 18452 | Lair:6   | Found a staircase to the Slime Pits.
 18805 | Lair:6   | Got an emerald-encrusted plate armour
 18831 | Lair:6   | Identified the +1 plate armour of Amorality {Slay+6 Stlth+} (You found it on level 6 of the Lair of Beasts)
 19100 | Orc:1    | Entered Level 1 of the Orcish Mines
 19124 | Orc:1    | Found Ziewyji's Gadget Shop.
 19161 | Orc:1    | Bought a disc of storms for 340 gold pieces
 19520 | Orc:2    | Entered Level 2 of the Orcish Mines
 19526 | Orc:2    | Noticed Sonja
 19624 | Orc:2    | Reached ****** piety under Qazlal
 19633 | Orc:2    | Killed Sonja
 19744 | Orc:2    | Found a staircase to the Elven Halls.
 20062 | Orc:2    | Noticed an orc warlord
 20083 | Orc:2    | Killed an orc warlord
 20644 | Orc:2    | Found Noyhujee's General Store.
 20648 | Orc:2    | Found Jusea's Assorted Antiques.
 20658 | Orc:2    | Found Ryaklo's Jewellery Emporium.
 20660 | Orc:2    | Found Pydonomn's Armour Shop.
 20672 | Orc:2    | Bought an uncursed amulet of faith for 680 gold pieces
 20699 | Orc:2    | Bought a potion of curing for 81 gold pieces
 20699 | Orc:2    | Bought a scroll of identify for 54 gold pieces
 20699 | Orc:2    | Bought a scroll of enchant armour for 202 gold pieces
 20699 | Orc:2    | Bought a scroll of identify for 54 gold pieces
 20699 | Orc:2    | Bought a scroll of fog for 54 gold pieces
 20699 | Orc:2    | Bought a potion of curing for 81 gold pieces
 20699 | Orc:2    | Bought a potion of curing for 81 gold pieces
 20867 | Orc:2    | Found a roughly hewn altar of Beogh.
 21046 | D:10     | Entered Level 10 of the Dungeon
 21116 | D:10     | Noticed Morrissey's ghost (journeyman DsBe)
 21129 | D:10     | Killed Morrissey's ghost
 21520 | D:10     | Found Yshut's Food Boutique.
 21677 | D:10     | Got a fine hat
 21688 | D:10     | Identified the +1 hat of Card Tricks {rPois Dex+4} (You found it on level 10 of the Dungeon)
 21730 | D:11     | Noticed Grum
 21731 | D:11     | Reached XP level 15. HP: 96/96 MP: 24/24
 21737 | D:11     | Killed Grum
 21795 | D:11     | Found Qotuq's Weapon Shop.
 21801 | D:11     | Noticed Psyche
 21807 | D:11     | Killed Psyche
 21901 | D:11     | Found Kinlusot's Weapon Shop.
 21943 | D:11     | Found Deyweo's Antique Armour Shoppe.
 21948 | D:11     | Found Cecefifo's Gadget Emporium.
 22212 | D:11     | Found Pem Somp's Armour Shoppe.
 22820 | D:12     | Found a roughly hewn altar of Beogh.
 23126 | D:13     | Noticed Rupert
 23153 | D:13     | Killed Rupert
 23957 | D:14     | Noticed Urug
 23967 | D:14     | Killed Urug
 24115 | D:14     | Found a sparkling altar of Nemelex Xobeh.
 24467 | D:14     | Found a gate to the Vaults.
 24616 | D:14     | Reached XP level 16. HP: 101/101 MP: 25/25
 24638 | D:15     | Entered Level 15 of the Dungeon
 24767 | D:15     | Found a staircase to the Depths.
 25694 | D:11     | Bought a steaming plate armour for 700 gold pieces
 25707 | D:11     | Identified the +3 plate armour "Kedar" {*Corrode MP+9 Slay+2} (You bought it in a shop on level 11 of the Dungeon)
 25822 | Snake:1  | Entered Level 1 of the Snake Pit
 25848 | Snake:1  | Noticed Nikola
 25860 | Snake:1  | Killed Nikola
 25873 | Snake:1  | Noticed Josephine
 25878 | Snake:1  | Noticed Donald
 25892 | Snake:1  | Killed Josephine
 25900 | Snake:1  | Killed Donald
 26026 | Snake:1  | Noticed a nagaraja
 26055 | Snake:1  | Killed a nagaraja
 26055 | Snake:1  | Reached skill level 15 in Fighting
 26377 | Snake:1  | Noticed Aizul
 26400 | Snake:1  | Killed Aizul
 26400 | Snake:1  | Reached skill level 14 in Armour
 26780 | Snake:2  | Noticed Azrael
 26805 | Snake:1  | Killed Azrael
 27023 | Snake:2  | Reached skill level 15 in Armour
 27039 | Snake:2  | Reached XP level 17. HP: 113/113 MP: 26/26
 27177 | Snake:2  | Found Mutuluas's Antique Weapon Shop.
 27199 | Snake:2  | Found Joaptith's Weapon Shoppe.
 27787 | Snake:3  | Reached skill level 16 in Armour
 28558 | Snake:4  | Entered Level 4 of the Snake Pit
 29017 | Snake:4  | Reached skill level 17 in Armour
 29310 | Snake:4  | Reached skill level 18 in Armour
 29473 | Snake:4  | Reached XP level 18. HP: 119/119 MP: 27/27
 29554 | Snake:4  | Reached skill level 19 in Armour
 29850 | Snake:4  | Got a serpentine rune of Zot
 30147 | Snake:4  | Reached skill level 20 in Armour
 31090 | Swamp:1  | Entered Level 1 of the Swamp
 31272 | Swamp:1  | Noticed Kirke
 31290 | Swamp:1  | Killed Kirke
 31877 | Swamp:2  | Reached skill level 10 in Evocations
 32641 | Swamp:3  | Reached XP level 19. HP: 124/124 MP: 28/28
 33062 | Swamp:3  | Gained mutation: You are somewhat resistant to further mutation. [potion of beneficial mutation]
 33294 | Swamp:4  | Entered Level 4 of the Swamp
 33355 | Swamp:4  | Noticed Bai Suzhen
 33365 | Swamp:4  | Killed Bai Suzhen
 33702 | Swamp:4  | Noticed a bone dragon
 33743 | Swamp:4  | Killed a bone dragon
 33918 | Swamp:4  | Got a decaying rune of Zot
 34266 | Elf:1    | Entered Level 1 of the Elven Halls
 34319 | Elf:1    | Noticed acidapple's ghost (adept MfGl)
 34371 | Elf:1    | Killed acidapple's ghost
 34371 | Elf:1    | Reached skill level 21 in Armour
 34911 | Elf:1    | Found Disameogh's Distillery.
 34914 | Elf:1    | Bought a potion of beneficial mutation for 455 gold pieces
 34914 | Elf:1    | Gained mutation: You are agile. (Dex +2) [potion of beneficial mutation]
 35105 | Elf:1    | Got a smoking pewter ring
 35293 | Elf:2    | Found a flickering gateway to a bazaar.
 35304 | Bazaar   | Entered a bazaar
 35304 | Bazaar   | Found Jiuch's Antique Weapon Shoppe.
 35304 | Bazaar   | Found Vaiwkowa's Food Boutique.
 35304 | Bazaar   | Found Ciobryiph's Antique Armour Shoppe.
 35304 | Bazaar   | Found Koextaji's Antique Armour Shop.
 35306 | Bazaar   | Found Azxaelam's Assorted Antiques.
 35306 | Bazaar   | Found Owagoc's Armour Shop.
 35339 | Bazaar   | Bought the +3 pair of boots of Sunlight {rF+} for 435 gold pieces
 35611 | Elf:2    | Identified the ring "Ketutz" {+Fly rElec rPois rF+} (You found it on level 1 of the Elven Halls)
 35735 | Elf:2    | Found a runed gate.
 35737 | Elf:2    | Found a runed gate.
 35740 | Elf:2    | Found a runed gate.
 35839 | Elf:2    | Reached skill level 22 in Armour
 35872 | Elf:2    | Reached XP level 20. HP: 99/129 MP: 30/30
 36732 | Vaults:1 | Entered Level 1 of the Vaults
 37231 | Vaults:1 | Reached skill level 23 in Armour
 38184 | Vaults:2 | Noticed Saint Roka
 38218 | Vaults:2 | Killed Saint Roka
 38577 | Vaults:1 | Reached skill level 24 in Armour
 38679 | Vaults:2 | Found Gitisch's Antique Armour Boutique.
 38729 | Vaults:2 | Noticed Jorgrun
 38747 | Vaults:2 | Killed Jorgrun
 39057 | Vaults:2 | Reached XP level 21. HP: 134/134 MP: 31/31
 39451 | Vaults:2 | Found a staircase to the Crypt.
 40179 | Vaults:3 | Reached skill level 25 in Armour
 40692 | Vaults:3 | Noticed Boris
 40706 | Vaults:3 | Killed Boris
 41190 | Vaults:3 | Found Xoes Gull's Weapon Boutique.
 41506 | Vaults:4 | Reached skill level 26 in Armour
 42007 | Vaults:4 | Reached XP level 22. HP: 140/140 MP: 32/32
 42133 | Vaults:4 | Found a magical portal.
 42142 | WizLab   | Entered Lehudib's Moon Base
 42333 | WizLab   | Reached skill level 27 in Armour
 43398 | WizLab   | Identified Lehudib's Almanac of the Mutagenic Rocks
 44148 | Depths:1 | Entered Level 1 of the Depths
 45320 | Depths:1 | Reached XP level 23. HP: 144/152 MP: 33/33
 45474 | Depths:1 | Found a gateway to Hell.
 45748 | Depths:2 | Found a gateway to a ziggurat.
 45923 | Depths:2 | Reached skill level 15 in Invocations
 46258 | Depths:2 | Noticed a golden dragon
 46282 | Depths:2 | Killed a golden dragon
 46573 | Depths:2 | Found Vas Oxky's Food Shop.
 46669 | Depths:2 | Reached skill level 10 in Shields
 47180 | Depths:3 | Found a one-way gate leading to the halls of Pandemonium.
 47232 | Depths:3 | Noticed a caustic shrike
 47270 | Depths:3 | Killed a caustic shrike
 47332 | Depths:3 | Noticed a caustic shrike
 47332 | Depths:3 | Noticed a caustic shrike
 47332 | Depths:3 | Noticed a juggernaut
 47334 | Depths:3 | Noticed a caustic shrike
 47340 | Depths:3 | Killed a caustic shrike
 47341 | Depths:3 | Killed a juggernaut
 47341 | Depths:3 | Killed a caustic shrike
 47341 | Depths:3 | Killed a caustic shrike
 47343 | Depths:3 | Noticed a caustic shrike
 47395 | Depths:3 | Killed a caustic shrike
 47395 | Depths:3 | Reached XP level 24. HP: 117/157 MP: 4/34
 49059 | Depths:4 | Reached skill level 15 in Shields
 49125 | Depths:4 | Noticed a caustic shrike
 49155 | Depths:4 | Killed a caustic shrike
 49732 | Depths:4 | Reached skill level 15 in Axes
 49745 | Depths:4 | Found a runed door.
 49902 | Depths:4 | Noticed a juggernaut
 50545 | Depths:4 | Killed a juggernaut
 50778 | Depths:5 | Entered Level 5 of the Depths
 50902 | Depths:5 | Reached XP level 25. HP: 162/163 MP: 34/34
 51336 | Depths:5 | Found a gate to the Realm of Zot.
 53350 | Vaults:5 | Entered Level 5 of the Vaults
 53350 | Vaults:5 | Noticed Xtahua
 53359 | Vaults:5 | Killed Xtahua
 53908 | Vaults:5 | Reached XP level 26. HP: 160/168 MP: 34/34
 53923 | Vaults:5 | Noticed an ancient lich
 53951 | Vaults:5 | Killed an ancient lich
 54629 | Vaults:5 | Got a slimy jade ring
 54701 | Vaults:5 | Identified the ring "Dacza" {+Blink rF+ Str+2} (You took it off a tengu reaver on level 5 of the Vaults)
 55024 | Vaults:5 | Got a smoking hand axe {antimagic}
 55085 | Vaults:5 | Got a silver rune of Zot
 55341 | Vaults:5 | Got a scorched amber ring
 55958 | Zot:1    | Entered Level 1 of the Realm of Zot
 56833 | Zot:4    | Reached XP level 27. HP: 166/180 MP: 34/34
 56847 | Zot:4    | Noticed loom's ghost (legendary DECj)
 56885 | Zot:4    | Killed loom's ghost
 57069 | Zot:5    | Entered Level 5 of the Realm of Zot
 57358 | Zot:5    | Noticed an orb of fire
 57385 | Zot:5    | Killed an orb of fire
 57496 | Zot:5    | Noticed an ancient lich
 57528 | Zot:5    | Killed an ancient lich
 57612 | Zot:5    | Noticed an ancient lich
 57619 | Zot:5    | Killed an ancient lich
 57877 | Zot:5    | Noticed an orb of fire
 57894 | Zot:5    | Killed an orb of fire
 57976 | Zot:5    | Noticed an orb of fire
 58006 | Zot:5    | Killed an orb of fire
 58058 | Zot:5    | Noticed an orb of fire
 58059 | Zot:5    | Gained mutation: You are weak. (Str -2) [an orb of fire]
 58060 | Zot:5    | Noticed an orb of fire
 58062 | Zot:5    | Gained mutation: You are partially covered in icy blue scales. (AC +2) [an orb of fire]
 58081 | Zot:5    | Noticed an ancient lich
 58092 | Zot:5    | HP: 8/182 [orb of fire/fireball (8)]
 58402 | Zot:4    | Gained mutation: Scrolls take you a little longer to read. [an orb of fire]
 58418 | Zot:4    | Killed an orb of fire
 58717 | Zot:4    | Killed an orb of fire
 58842 | Zot:4    | Killed an ancient lich
 59192 | Zot:5    | Noticed an orb of fire
 59200 | Zot:5    | Gained mutation: Your magical capacity is low. (-10% MP) [an orb of fire]
 59216 | Zot:5    | Killed an orb of fire
 59940 | Zot:5    | Got the Orb of Zot
 59971 | Zot:5    | Noticed Suhuf the pandemonium lord
 60268 | Depths:2 | Noticed a seraph
 60743 | D:1      | Noticed Ekhlobio the pandemonium lord
 60799 | D:$      | Escaped with the Orb!

Skill      XL: |  1  2  3  4  5  6  7  8  9 10 11 12 13 14 15 16 17 18 19 20 21 22 23 24 25 26 27 |
---------------+----------------------------------------------------------------------------------+-----
Fighting       | 1 2 3 4 5 10 12 15 18 20 21 | 21.0
Maces & Flails | 2 4 6 |  6.3
Armour         | 4 8 10 13 15 18 20 22 24 26 27 | 27.0
Axes           | 6 10 14 16 19 20 | 20.9
Invocations    | 4 8 9 13 15 22 | 22.3
Evocations     | 7 12 13 | 13.8
Shields        | 1 6 13 15 | 15.0
Stealth        | |  2.1
Spellcasting   | |  1.0
Conjurations   | |  1.1
Charms         | |  2.6

Action                   |  1- 3 |  4- 6 |  7- 9 | 10-12 | 13-15 | 16-18 | 19-21 | 22-24 | 25-27 || total
-------------------------+-------+-------+-------+-------+-------+-------+-------+-------+-------++-------
Melee: Dagger            |    25 |       |       |       |       |       |       |       |       ||    25
       Whip              |   216 |   472 |   507 |       |       |       |       |       |       ||  1195
       Hand axe          |       |       |    59 |   701 |  1432 |  1715 |  2182 |  2637 |   408 ||  9134
       Battleaxe         |       |       |       |       |       |       |       |       |  1427 ||  1427
 Cast: Sting             |     3 |       |       |       |       |       |       |       |       ||     3
Invok: Upheaval          |       |       |       |       |    17 |    10 |    19 |    10 |    10 ||    66
       Disaster Area     |       |       |       |       |       |       |     1 |     1 |     6 ||     8
 Abil: Stop Flying       |       |       |       |       |       |     1 |     1 |     2 |     1 ||     5
       Fly               |       |       |       |       |       |       |       |     2 |     1 ||     3
Evoke: Wand              |       |       |     6 |    13 |    12 |       |     3 |     7 |    13 ||    54
       Phial of floods   |       |       |       |       |     1 |       |       |       |       ||     1
       Lamp of fire      |       |       |       |       |       |       |     1 |       |       ||     1
  Use: Potion            |     1 |     7 |     4 |     1 |     8 |     9 |     6 |     2 |     4 ||    42
       Scroll            |       |     6 |    11 |    10 |    16 |    13 |     7 |    11 |    38 ||   112
 Stab: Petrified         |       |       |       |       |    14 |       |       |       |       ||    14
       Petrifying        |       |       |       |       |     2 |       |       |       |       ||     2
       Distracted        |       |       |       |       |     1 |       |       |       |     2 ||     3
       Confused          |       |       |       |       |       |       |       |       |     4 ||     4
  Eat: Chunk             |     5 |    10 |     9 |    17 |    12 |       |     6 |     7 |       ||    66
       Beef jerky        |       |     1 |     1 |       |       |     3 |     5 |     1 |     6 ||    17
       Pizza             |       |       |     2 |       |     2 |     1 |     1 |       |     1 ||     7
       Meat ration       |       |       |     1 |       |       |       |       |       |     1 ||     2
       Fruit             |       |       |       |       |     8 |     4 |     6 |     2 |     1 ||    21
       Bread ration      |       |       |       |       |     2 |     4 |     2 |     5 |     6 ||    19
       Royal jelly       |       |       |       |       |     1 |       |       |       |       ||     1
Armor: Robe              |    53 |       |       |       |       |       |       |       |       ||    53
       Scale mail        |    82 |   361 |    18 |       |       |       |       |       |       ||   461
       Plate armour      |       |       |   371 |   533 |   702 |   714 |   979 |   549 |       ||  3848
       Troll leather arm |       |       |       |       |       |       |       |    61 |       ||    61
       Gold dragon scale |       |       |       |       |       |       |       |   831 |  1962 ||  2793
Dodge: Dodged            |   129 |   280 |   106 |   165 |   205 |   189 |   378 |   423 |   451 ||  2326
       Deflected         |       |       |       |       |    16 |    57 |    31 |    26 |    48 ||   178
Block: Other             |       |       |    10 |   112 |       |       |       |       |   478 ||   600
       Buckler           |       |       |       |     4 |   819 |   894 |  1061 |  1389 |   313 ||  4480
